 Dungeon Crawl Stone Soup version 0.30-a0-721-ga6a225cb13 (webtiles) character file.

Game seed: 2272051318378089695

15374 Oxelix the Arsonist (level 12, -11/74 HPs)
             Began as a Demonspawn Fire Elementalist on Jan 27, 2023.
             Was an Elder of Cheibriados.
             Engulfed by a ghost crab's spectral mist (15 damage)
             ... on level 2 of the Lair of Beasts.
             The game lasted 00:39:36 (14003 turns).

Oxelix the Arsonist (Demonspawn Fire Elementalist) Turns: 14003, Time: 00:39:36

Health: -11/74     AC: 13    Str: 20    XL:     12   Next: 0%
Magic:  7/26       EV: 17    Int: 37    God:    Cheibriados [****..]
Gold:   709        SH:  0    Dex: 23    Spells: 24/31 levels left

rFire   . . .      SeeInvis .    N - staff of conjuration
rCold   . . .      Faith    .    (no shield)
rNeg    . . .      Spirit   .    U - +0 steam dragon scales
rPois   .          Reflect  .    (helmet restricted)
rElec   .          Harm     .    D - +0 cloak
rCorr   .          Rampage  .    v - +2 pair of gloves
Will    .....                    p - +0 pair of boots
Stlth   ++                       P - amulet of magic regeneration
HPRegen 0.32/turn                w - +5 ring of evasion
MPRegen 0.60/turn                I - +6 ring of intelligence

@: very slow
A: antennae 2, thin metallic scales 2, foul stench 2, spiny 1, augmentation 1
a: Renounce Religion, Bend Time, Temporal Distortion, Slouch


You were on level 2 of the Lair of Beasts.
You worshipped Cheibriados.
Cheibriados was greatly pleased with you.
You visited 3 branches of the dungeon, and saw 13 of its levels.
You also visited: Sewer and Ice Cave.

You collected 709 gold pieces.

Inventory:

Hand Weapons
 F - a +0 dagger of venom
Missiles
 c - 3 javelins
 m - 12 poisoned darts
 r - a throwing net
 T - 3 boomerangs
Armour
 p - a +0 pair of boots (worn)
 v - a +2 pair of gloves (worn)
 z - a +0 troll leather armour {Pargi}
 B - a +2 leather armour of poison resistance
 D - a +0 cloak (worn)
 U - +0 steam dragon scales (worn)
 Y - a +2 robe of cold resistance
Magical Staves
 M - a staff of earth
 N - a staff of conjuration (weapon)
 Z - a staff of cold
Jewellery
 a - a ring of positive energy
 w - a +5 ring of evasion (left hand)
 I - a +6 ring of intelligence (right hand)
 J - a ring of ice
 P - an amulet of magic regeneration (around neck)
 W - an amulet of regeneration
 X - a ring of ice
Wands
 A - a wand of paralysis (15)
 E - a wand of flame (11)
 G - a wand of digging (8)
 H - a wand of mindburst (48)
 K - a wand of acid (22)
 O - a wand of iceblast (2)
Scrolls
 d - 5 scrolls of vulnerability
 e - 9 scrolls of teleportation
 i - 3 scrolls of immolation {unknown}
 l - 2 scrolls of summoning {unknown}
 n - 2 scrolls of identify
 o - 2 scrolls of poison {unknown}
 q - 3 scrolls of enchant weapon
 y - a scroll of brand weapon {unknown}
 Q - 5 scrolls of enchant armour
 S - 2 scrolls of noise {unknown}
 V - 3 scrolls of fear {unknown}
Potions
 b - a potion of magic
 f - 3 potions of haste
 g - 5 potions of heal wounds
 h - 3 potions of flight {unknown}
 j - a potion of invisibility {unknown}
 k - 7 potions of curing
 s - a potion of attraction {unknown}
 t - 3 potions of mutation
 u - 2 potions of berserk rage
 x - 5 potions of might
 C - a potion of resistance {unknown}
 L - a potion of lignification {unknown}
 R - 3 potions of brilliance {unknown}


   Skills:
 - Level 1.7 Dodging
 - Level 1.7 Stealth
 + Level 10.2 Spellcasting
 - Level 9.0 Conjurations
 + Level 1.0 Summonings
 - Level 11.0 Fire Magic
 + Level 7.0 Invocations
 + Level 5.2 Evocations


You had 24 spell levels left.
You knew the following spells:

 Your Spells              Type           Power      Damage    Failure   Level
a - Foxfire               Conj/Fire      100%       2x1d9     1%          1
b - Scorch                Fire           100%       2d10      1%          2
c - Flame Wave            Conj/Fire      96%        2d20      1%          4

Your spell library contained the following spells:

 Spells                   Type           Power      Damage    Failure   Level
 Summon Small Mammal      Summ           100%       N/A       1%          1
 Inner Flame              Hex/Fire       56%        N/A       1%          3
 Kindle Blastsparks       Fire/Tloc/Air  92%        2d17      1%          3
 Stone Arrow              Conj/Erth      100%       3d13      1%          3
 Apportation              Tloc           36%        N/A       2%          1
 Necrotise                Necr           72%        1d7       2%          1
 Sandblast                Erth           36%        2d10      2%          1
 Slow                     Hex            72%        N/A       2%          1
 Lesser Beckoning         Tloc           36%        N/A       3%          2
 Passwall                 Tmut/Erth      15%        N/A       3%          2
 Sublimation of Blood     Necr           18%        N/A       3%          2
 Wereblood                Tmut           18%        N/A       3%          2
 Confusing Touch          Hex            18%        N/A       6%          3
 Gell's Gravitas          Tloc           18%        N/A       6%          3
 Teleport Other           Tloc           18%        N/A       6%          3
 Vampiric Draining        Necr           18%        2d7       6%          3
 Alistair's Intoxication  Tmut/Pois      12%        N/A       52%         5
 Dispersal                Tloc           9%         N/A       97%         6
 Summon Hydra             Summ           13%        N/A       100%        7


Dungeon Overview and Level Annotations

Branches:
Dungeon (9/15)             Temple (1/1) D:7            Lair (3/5) D:9
 Spider (0/4) Lair:3        Sewer (visited)           IceCv (visited)
  Swamp: Lair:2-3    Shoals: Lair:2-3       Orc: D:9-12

Altars:
Ashenzari
Cheibriados
Dithmenos
Fedhas
Gozag
Hepliaklqana
Makhleb
Nemelex Xobeh
Okawaru
Qazlal
Ru
Sif Muna
Trog
Uskayaw
Vehumet
Wu Jian
Xom
Yredelemnul


Innate Abilities, Weirdness & Mutations

You have a pair of antennae on your head.
You are mostly covered in thin metallic scales. (AC +3)
You sometimes emit foul miasma when damaged in melee.
You are partially covered in sharp spines.
Your magical and physical power is slightly enhanced at high health.


Message History

The spectral elephant is almost destroyed.
The spectral elephant barely misses you.
The spectral elephant trunk-slaps you but does no damage.
You feel a surge of power!
You conjure some foxfire!
The spectral elephant tramples you!
You hold your ground!
The spectral elephant barely misses you.
You feel a surge of power!
You conjure some foxfire!
The foxfire hits the spectral elephant.
The spectral elephant is burned terribly!
You destroy the spectral elephant!
Cheibriados appreciates the change of pace.
Your life force feels restored.
Your Invocations skill increases to level 7!
You have reached level 12!
You feel stronger.
Your foxfire dissipates!
A ghost crab comes into view.
You feel a surge of power!
You conjure some foxfire!
The ghost crab breathes spectral mist at you.
The spectral mist engulfs you but does no damage.
You feel a surge of power!
You conjure some foxfire!
You are engulfed in spectral mist.
Your foxfire is engulfed in spectral mist.
The foxfire hits the spectral komodo dragon.
The spectral komodo dragon is lightly damaged.
Your foxfire is engulfed in spectral mist.
You are engulfed in spectral mist.
* * * LOW HITPOINT WARNING * * *
The foxfire hits the spectral catoblepas.
The spectral catoblepas is lightly damaged.
Your foxfire is engulfed in spectral mist.
The foxfire hits the spectral cane toad but does no damage.
Your foxfire is engulfed in spectral mist.
The foxfire hits the spectral cane toad.
The spectral cane toad is lightly damaged.
The ghost crab breathes spectral mist at you.
The spectral mist engulfs the spectral dream sheep but does no damage.
The spectral komodo dragon barely misses you.
You are engulfed in spectral mist.
You die...

# ## ###### ###
##P##.######....####
...
........Z°○@.......##
...
.......☼°☼#Z.###....#
.##
#♣♣...☼Z☼☼..###..>##
..#
♣~.☼§§§....#....##
#..
♣).○°☼○#....#....# .
♣.§☼§☼§○##..#....##
♣tZ~...♣♣#..##...#
♣..~♣♣~.. #..#....# #
♣... ♣♣.. ####....#


You could see a spectral komodo dragon (summoned), a spectral catoblepas
(summoned), a spectral cane toad (summoned) and a spectral dream sheep
(summoned).

Vanquished Creatures
  Fannar (Lair:1)
  Nergalle (Lair:1)
  A pharaoh ant (Lair:3)
  An ugly thing (IceCv)
  4 cane toads
  A rime drake (Lair:3)
  A komodo dragon (Lair:2)
  A troll (D:9)
  6 polar bears
  2 hornets
  2 spectral elephants (Lair:2)
  A jumping spider (Lair:3)
  3 wyverns (D:9)
  4 basilisks
  14 yaks
  2 spectral komodo dragons (Lair:2)
  A steam dragon (D:9)
  A redback (Lair:3)
  9 water moccasins
  3 orc warriors
  An acid dragon (D:9)
  Pargi (Sewer)
  An ice beast (D:5)
  4 black bears
  3 ogres
  10 wolves
  2 centaurs
  4 bullfrogs
  2 gnoll sergeants
  3 scorpions
  2 necrophages
  6 wights
  A cane toad simulacrum (IceCv)
  8 killer bees
  2 elephant simulacra (IceCv)
  3 howler monkeys (D:9)
  A quasit (D:7)
  2 jellies (D:5)
  5 orc priests
  4 hounds
  2 iguanas
  8 orc wizards
  2 wolf simulacra (IceCv)
  10 gnolls
  4 adders
  6 shadow imps
  3 white imps
  An ufetubus (D:7)
  3 worms
  A dart slug (D:4)
  16 orcs
  9 ball pythons
  4 endoplasms
  4 giant cockroaches
  6 goblins
  7 hobgoblins
  12 jackals
  5 kobolds
  4 quokkas
  3 bats (D:1)
  4 frilled lizards (D:3)
  13 rats
  A butterfly (Lair:2)
252 creatures vanquished.

Vanquished Creatures (collateral kills)
  5 foxfires
5 creatures vanquished.

Vanquished Creatures (others)
  1564 foxfires
  6 fungi
  25 plants
1595 creatures vanquished.

Grand Total: 1852 creatures vanquished

Notes
Turn   | Place    | Note
-------+----------+-------------------------------------------
     0 | D:1      | Oxelix the Demonspawn Fire Elementalist began the quest for
                  | the Orb.
     0 | D:1      | Reached XP level 1. HP: 13/13 MP: 3/3
   184 | D:1      | Reached skill level 3 in Fire Magic
   252 | D:1      | Gained mutation: You have a pair of small antennae on your
                  | head. [demonic ancestry]
   252 | D:1      | Reached XP level 2. HP: 19/19 MP: 1/5
   680 | D:1      | Found a faded altar of an unknown god.
   769 | D:2      | Learned a level 2 spell: Scorch
   852 | D:2      | Gained mutation: You are partially covered in thin metallic
                  | scales. (AC +2) [demonic ancestry]
   852 | D:2      | Reached XP level 3. HP: 24/24 MP: 3/6
  1123 | D:2      | Found a sacrificial altar of Ru.
  2037 | D:3      | Gained mutation: You have a pair of antennae on your head.
                  | [demonic ancestry]
  2037 | D:3      | Reached XP level 4. HP: 30/30 MP: 3/8
  2433 | D:3      | Found a glowing drain.
  2515 | Sewer    | Entered a sewer
  2597 | Sewer    | Noticed Pargi
  2605 | Sewer    | Killed Pargi
  2606 | Sewer    | Reached skill level 4 in Fire Magic
  2606 | Sewer    | Reached XP level 5. HP: 35/35 MP: 0/9
  3058 | D:4      | Noticed an ogre
  3067 | D:4      | Killed an ogre
  3068 | D:4      | Gained mutation: You are mostly covered in thin metallic
                  | scales. (AC +3) [demonic ancestry]
  3068 | D:4      | Reached XP level 6. HP: 41/41 MP: 2/11
  3376 | D:4      | Reached skill level 5 in Fire Magic
  3544 | D:4      | Reached XP level 7. HP: 46/46 MP: 2/12
  3929 | D:4      | Found a burning altar of Makhleb.
  4103 | D:5      | Entered Level 5 of the Dungeon
  4120 | D:5      | Reached skill level 6 in Fire Magic
  4850 | D:5      | Gained mutation: You may rarely emit foul miasma when
                  | damaged in melee. [demonic ancestry]
  4850 | D:5      | Reached XP level 8. HP: 52/52 MP: 8/15
  5231 | D:5      | Reached skill level 5 in Conjurations
  5231 | D:5      | Reached skill level 7 in Fire Magic
  5642 | D:6      | Reached skill level 5 in Spellcasting
  5729 | D:6      | Found a snail-covered altar of Cheibriados.
  5870 | D:6      | Became a worshipper of Cheibriados the Contemplative
  6215 | D:6      | Found a hide-covered altar of Uskayaw.
  6806 | D:7      | Learned a level 4 spell: Flame Wave
  7169 | D:7      | Reached skill level 8 in Fire Magic
  7307 | D:7      | Found an opulent altar of Gozag.
  7313 | D:7      | Found a sacrificial altar of Ru.
  7327 | D:7      | Found a sparkling altar of Nemelex Xobeh.
  7333 | D:7      | Reached * piety under Cheibriados
  7376 | D:7      | Found a shadowy altar of Dithmenos.
  7479 | D:7      | Found a staircase to the Ecumenical Temple.
  7498 | D:7      | Noticed a hornet
  7502 | D:7      | Killed a hornet
  7503 | D:7      | Gained mutation: You sometimes emit foul miasma when
                  | damaged in melee. [demonic ancestry]
  7503 | D:7      | Reached XP level 9. HP: 57/57 MP: 8/17
  7508 | Temple   | Entered the Ecumenical Temple
  8252 | D:8      | Reached skill level 9 in Fire Magic
  8492 | D:9      | Reached skill level 1 in Summonings
  8641 | D:9      | Reached ** piety under Cheibriados
  9062 | D:9      | Gained mutation: You are partially covered in sharp spines.
                  | [demonic ancestry]
  9062 | D:9      | Reached XP level 10. HP: 63/63 MP: 15/20
  9256 | D:9      | Reached skill level 10 in Fire Magic
  9594 | D:9      | Found a staircase to the Lair.
  9604 | D:9      | Reached *** piety under Cheibriados
  9962 | D:9      | Found a bloodstained altar of Trog.
  9969 | D:9      | Identified the +4 short sword of Untruth {venom, Str+3
                  | Int+2}
 10518 | Lair:1   | Entered Level 1 of the Lair of Beasts
 10520 | Lair:1   | Found a frozen archway.
 10531 | IceCv    | Entered an ice cave
 10576 | IceCv    | Noticed a white ugly thing
 10582 | IceCv    | Killed a white ugly thing
 10583 | IceCv    | Reached skill level 11 in Fire Magic
 10611 | IceCv    | Noticed an ice statue
 12309 | Lair:1   | Noticed a cane toad
 12322 | Lair:1   | Killed a cane toad
 12323 | Lair:1   | Gained mutation: Your magical and physical power is
                  | slightly enhanced at high health. [demonic ancestry]
 12323 | Lair:1   | Reached XP level 11. HP: 63/68 MP: 14/23
 12383 | Lair:1   | Noticed Nergalle
 12384 | Lair:1   | Noticed a spectral orc warlord
 12386 | Lair:1   | Killed Nergalle
 12717 | Lair:1   | Noticed Fannar
 12729 | Lair:1   | Killed Fannar
 12730 | Lair:1   | Reached skill level 1 in Invocations
 12730 | Lair:1   | Reached skill level 1 in Evocations
 12967 | Lair:2   | You fall into a shaft and drop 1 floor!
 12973 | Lair:3   | Noticed a pharaoh ant
 12978 | Lair:3   | Killed a pharaoh ant
 13096 | Lair:3   | Found a hole to the Spider Nest.
 13257 | Lair:2   | Reached **** piety under Cheibriados
 13392 | Lair:2   | Reached skill level 5 in Invocations
 13602 | Lair:2   | Reached skill level 10 in Spellcasting
 13753 | Lair:2   | Reached skill level 5 in Evocations
 13998 | Lair:2   | Reached XP level 12. HP: 39/74 MP: 6/26
 13999 | Lair:2   | Noticed a ghost crab
 14002 | Lair:2   | HP: 3/74 [ghost crab] (23)]
 14003 | Lair:2   | Engulfed by a ghost crab's spectral mist

Illustrated notes

Levels and vault maps discovered:
D:1:      tarquinn_simple_flora_water_e, layout_rooms,
          dreamdust_ecumenical_altar_angels_and_demons, serial_bayou_ford_a
D:2:      layout_loops_ring, basic_altar, minmay_misc_feat_tower
D:3:      layout_basic, portal_sewer_entry_a, minmay_checkerbox
D:4:      layout_cave_pools, mainiacjoe_overflow_24_doors
D:5:      layout_loops_corners, kennysheep_little_box
D:6:      layout_loops_ring, cheibriados_altar_1,
          gammafunk_temple_overflow_wave, chequers_mini_garden, corner_web_ring,
          hangedman_abyss_or_decor_stabs
D:7:      layout_basic, grunt_temple_overflow_cloverleaf,
          minmay_temple_entry_waves, serial_demonic, serial_demonic_d,
          serial_demonic_d, serial_demonic_d, serial_demonic_c
D:8:      layout_gridville
D:9:      layout_layer_cave, trog_three_pillars_becter, minmay_lair_entry_grove
Temple:   nicolae_temple_ecumenical_triangle
Lair:1:   layout_long_grid, portal_ice_cave_entry_pillars_2,
          hibernation_bobbens, grunt_megastairs_3, uniq_fannar, uniq_nergalle
Lair:2:   beast_lair_carwin_large_2, layout_regular_city,
          nicolae_swamp_entry_spooky, gauntlet_entry_generic,
          chequers_serial_rivers_small_a, lemuel_fruit_fields
Lair:3:   layout_concentric_octagons, nicolae_spider_entry_lesser_pyramids,
          special_room [special_room_mythical_zoo], lemuel_fruit_tree

Skill      XL: |  1  2  3  4  5  6  7  8  9 10 11 |
---------------+----------------------------------+-----
Fire Magic     | 3 4 5 6 8 9 11 | 11.0
Conjurations   | 2 3 4 6 7 9 |  9.0
Spellcasting   | 3 4 5 6 8 10 | 10.2
Summonings     | 1 |  1.0
Invocations    | 7 |  7.0
Evocations     | 5 |  5.2
Dodging        | |  1.7
Stealth        | |  1.7

Action                     |  1- 3 |  4- 6 |  7- 9 | 10-12 || total
---------------------------+-------+-------+-------+-------++-------
  Melee: Unarmed           |     7 |       |       |       ||     7
         Dagger            |    26 |    25 |     2 |       ||    53
         Staff             |       |       |     9 |    41 ||    50
         Punch             |       |       |       |     1 ||     1
  Throw: Javelin           |     2 |       |       |       ||     2
   Cast: Foxfire           |    66 |    67 |   190 |   582 ||   905
         Scorch            |     8 |    13 |    69 |    80 ||   170
         Flame Wave        |       |       |     4 |    12 ||    16
 Invoke: Bend Time         |       |       |       |     1 ||     1
    Use: Scroll            |       |       |     9 |     5 ||    14
   Stab: Sleeping          |     3 |     2 |       |       ||     5
 Armour: Robe              |     9 |    14 |    19 |     4 ||    46
         Steam dragon scal |       |       |       |    83 ||    83
  Dodge: Dodged            |    18 |    48 |    66 |   157 ||   289

Table legend: (Time is in decaauts)
 A = Elapsed time spent in this place.
 B = Non-inter-level travel time spent in this place.
 C = Inter-level travel time spent in this place.
 D = Time resting spent in this place.
 E = Time spent auto-exploring this place.
 F = Levels seen in this place.
 G = Mean time per level.
                   A        B        C        D        E       F      G
               +--------+--------+--------+--------+--------+-----+--------+
         Total |  16093 |  15707 |    386 |   1129 |  11841 |  15 | 1072.9 |
       Dungeon |  11339 |  11012 |    327 |    570 |   8791 |   9 | 1259.9 |
        Temple |    115 |    115 |      0 |      0 |     93 |   1 |  115.0 |
          Lair |   2760 |   2701 |     59 |      7 |   2252 |   3 |  920.0 |
         Sewer |    225 |    225 |      0 |    101 |     57 |   1 |  225.0 |
      Ice Cave |   1652 |   1652 |      0 |    451 |    646 |   1 | 1652.0 |
               +--------+--------+--------+--------+--------+-----+--------+

Top non-repeatable levels by time:
     D:9: 2435 daAuts
   IceCv: 1652 daAuts
     D:5: 1531 daAuts
     D:7: 1452 daAuts
     D:4: 1278 daAuts
     D:6: 1203 daAuts
  Lair:1: 1196 daAuts
  Lair:2: 1177 daAuts
     D:2: 1038 daAuts
     D:8: 823 daAuts
     D:3: 807 daAuts
     D:1: 769 daAuts
  Lair:3: 386 daAuts
   Sewer: 225 daAuts
  Temple: 115 daAuts
